 Dungeon Crawl Stone Soup version 0.28-a0-1518-gbe868bca14 (webtiles) character file.

Game seed: 18087002061854190606

294 comborobin the Covert (level 6, -5/51 HPs)
             Began as a Gnoll Brigand on Jan 17, 2022.
             Slain by Grinder (7 damage)
             ... while paralysed by Grinder
             ... on level 3 of the Dungeon.
             The game lasted 00:02:24 (2629 turns).

comborobin the Covert (Gnoll Brigand)               Turns: 2629, Time: 00:02:24

Health: -5/51      AC:  6    Str: 10    XL:     6   Next: 34%
Magic:  8/8        EV:  2    Int: 12    God:
Gold:   68         SH:  0    Dex: 14    Spells: 8/8 levels left

rFire   . . .      SeeInvis .   b - +0 quarterstaff
rCold   . . .      Faith    .   (shield currently unavailable)
rNeg    . . .      Spirit   .   f - +0 robe
rPois   .          Reflect  .   k - +2 helmet
rElec   .          Harm     .   c - +0 cloak
rCorr   .          Rampage  .   (no gloves)
Will    .....                   (no boots)
Stlth   ++++......              (no amulet)
HPRegen 0.17/turn               (no ring)
MPRegen 0.11/turn               (no ring)

@: paralysed
A: fangs 1, strong nose, distributed training
a: no special abilities


You were on level 3 of the Dungeon.
You visited 1 branch of the dungeon, and saw 3 of its levels.

You collected 68 gold pieces.

Inventory:

Hand Weapons
 a - a +2 dagger
 b - a +0 quarterstaff (weapon)
Missiles
 d - 8 poisoned darts (quivered)
 e - 2 curare-tipped darts
Armour
 c - a +0 cloak (worn)
 f - a +0 robe (worn)
 k - a +2 helmet (worn)
Jewellery
 h - a +4 ring of slaying
 i - the ring of Doubts {MP+9 Str-4 Int+5}
   (You found it on level 3 of the Dungeon)

   [ring of magical power]

   Str:       It affects your strength (-4).
   Int:       It affects your intelligence (+5).
   MP:        It affects your magic capacity (+9).
Potions
 g - a potion of mutation {unknown}


   Skills:
 + Level 5.0 Fighting
 + Level 5.0 Short Blades
 + Level 1.9 Long Blades
 + Level 1.9 Axes
 + Level 1.9 Maces & Flails
 + Level 1.9 Polearms
 + Level 1.9 Staves
 + Level 1.9 Slings
 + Level 1.9 Bows
 + Level 1.9 Crossbows
 + Level 5.0 Throwing
 + Level 1.9 Armour
 + Level 3.2 Dodging
 + Level 8.0 Stealth
 + Level 1.9 Shields
 + Level 1.9 Unarmed Combat
 + Level 1.9 Spellcasting
 + Level 1.5 Conjurations
 + Level 1.5 Hexes
 + Level 1.5 Summonings
 + Level 1.5 Necromancy
 + Level 1.5 Translocations
 + Level 1.5 Transmutations
 + Level 1.5 Fire Magic
 + Level 1.5 Ice Magic
 + Level 1.5 Air Magic
 + Level 1.5 Earth Magic
 + Level 1.5 Poison Magic
 + Level 2.1 Invocations
 + Level 1.9 Evocations


You had 8 spell levels left.
You didn't know any spells.
Your spell library was empty.

Dungeon Overview and Level Annotations

Branches:
Dungeon (3/15)

Altars:

Annotations:
D:3 Grinder


Innate Abilities, Weirdness & Mutations

You have very sharp teeth.
Your uncanny sense of smell can sniff out nearby items.
Your experience applies equally to all skills.


Message History

Grinder is heavily wounded.
Grinder gestures at you.
You suddenly lose the ability to move!
Grinder hits you.
You writhe in agony.
Grinder hits you.
You writhe in agony.
* * * LOW HITPOINT WARNING * * *
Grinder hits you!
* * * LOW HITPOINT WARNING * * *
You writhe in agony.
* * * LOW HITPOINT WARNING * * *
Grinder hits you.
* * * LOW HITPOINT WARNING * * *
You writhe in agony.
* * * LOW HITPOINT WARNING * * *
You can move again.
Unknown command.
Unknown command.
Unknown command.
Unknown command.
Unknown command.
You aren't carrying any items that you can evoke.
You hit Grinder. Your bite misses Grinder.
Grinder is heavily wounded.
Grinder completely misses you.
Unknown command.
You aren't carrying any scrolls.
You hit Grinder.
Grinder is severely wounded.
Grinder gestures at you.
You shrug off the repeated paralysis!
Unknown command.
You barely miss Grinder.
Grinder is severely wounded.
Grinder closely misses you.
Unknown command.
You hit Grinder.
Grinder is severely wounded.
Grinder gestures at you.
You suddenly lose the ability to move!
Grinder hits you!
You die...

.##.##...## #.#
....#.....#######.####
.###.................#
..#..........##......#
.....................#
.............##......#
.............##...#..#
....#.....#..###.##..#
..####...##..# #@##..#
..# ##+###....5.....#
### #.# ##.........# #
#.# #####.#####
#######.## #.#
.....#.†.## #.#
#......## #.#
#.......# #.#
####.##.#


You could see Grinder.

Vanquished Creatures
  Sigmund (D:2)
  Jessica (D:3)
  4 gnolls
  3 adders
  A worm (D:3)
  7 bats
  An endoplasm (D:3)
  3 giant cockroaches
  5 hobgoblins
  5 ball pythons
  3 frilled lizards
  4 goblins
  5 kobolds
  3 rats
46 creatures vanquished.

Notes
Turn   | Place    | Note
-------+----------+-------------------------------------------
     0 | D:1      | comborobin the Gnoll Brigand began the quest for the Orb.
     0 | D:1      | Reached XP level 1. HP: 20/20 MP: 1/1
   118 | D:1      | Reached XP level 2. HP: 26/26 MP: 2/2
   750 | D:2      | Reached XP level 3. HP: 8/31 MP: 2/4
  1223 | D:2      | Reached skill level 1 in Invocations
  1240 | D:2      | Noticed Sigmund
  1243 | D:2      | Killed Sigmund
  1244 | D:2      | Reached skill level 1 in Long Blades
  1244 | D:2      | Reached skill level 1 in Axes
  1244 | D:2      | Reached skill level 1 in Maces & Flails
  1244 | D:2      | Reached skill level 1 in Polearms
  1244 | D:2      | Reached skill level 1 in Staves
  1244 | D:2      | Reached skill level 1 in Slings
  1244 | D:2      | Reached skill level 1 in Bows
  1244 | D:2      | Reached skill level 1 in Crossbows
  1244 | D:2      | Reached skill level 1 in Armour
  1244 | D:2      | Reached skill level 1 in Shields
  1244 | D:2      | Reached skill level 1 in Unarmed Combat
  1244 | D:2      | Reached skill level 1 in Spellcasting
  1244 | D:2      | Reached skill level 1 in Conjurations
  1244 | D:2      | Reached skill level 1 in Hexes
  1244 | D:2      | Reached skill level 1 in Summonings
  1244 | D:2      | Reached skill level 1 in Necromancy
  1244 | D:2      | Reached skill level 1 in Translocations
  1244 | D:2      | Reached skill level 1 in Transmutations
  1244 | D:2      | Reached skill level 1 in Fire Magic
  1244 | D:2      | Reached skill level 1 in Ice Magic
  1244 | D:2      | Reached skill level 1 in Air Magic
  1244 | D:2      | Reached skill level 1 in Earth Magic
  1244 | D:2      | Reached skill level 1 in Poison Magic
  1244 | D:2      | Reached skill level 1 in Evocations
  1244 | D:2      | Reached XP level 4. HP: 38/38 MP: 4/6
  1244 | D:2      | Reached XP level 5. HP: 43/43 MP: 4/7
  1320 | D:2      | Found a faded altar of an unknown god.
  1475 | D:2      | Reached skill level 8 in Stealth
  1876 | D:2      | Reached XP level 6. HP: 38/50 MP: 8/8
  2390 | D:3      | Noticed Jessica
  2397 | D:3      | Killed Jessica
  2499 | D:3      | Identified the ring of Doubts {MP+9 Str-4 Int+5}
  2546 | D:3      | Reached skill level 5 in Fighting
  2546 | D:3      | Reached skill level 5 in Short Blades
  2546 | D:3      | Reached skill level 5 in Throwing
  2609 | D:3      | Noticed Grinder
  2621 | D:3      | Paralysed by Grinder for 5 turns
  2625 | D:3      | HP: 2/51 [Grinder (2)]
  2629 | D:3      | Paralysed by Grinder for 6 turns
  2629 | D:3      | Slain by Grinder

Illustrated notes

Levels and vault maps discovered:
D:1:      heliophobic_arrival_dark_side_of_the_moon, layout_rooms
D:2:      layout_basic, shapermc_ecumenical_altar_mp_highgroup, uniq_sigmund
D:3:      layout_loops_corners, uniq_jessica, uniq_grinder

Skill      XL: |  1  2  3  4  5  6 |
---------------+-------------------+-----
Invocations    | 1 2 |  2.1
Long Blades    | 1 |  1.9
Axes           | 1 |  1.9
Maces & Flails | 1 |  1.9
Polearms       | 1 |  1.9
Staves         | 1 |  1.9
Slings         | 1 |  1.9
Bows           | 1 |  1.9
Crossbows      | 1 |  1.9
Armour         | 1 |  1.9
Dodging        | 3 |  3.2
Shields        | 1 |  1.9
Unarmed Combat | 1 |  1.9
Spellcasting   | 1 |  1.9
Conjurations   | 1 |  1.5
Hexes          | 1 |  1.5
Summonings     | 1 |  1.5
Necromancy     | 1 |  1.5
Translocations | 1 |  1.5
Transmutations | 1 |  1.5
Fire Magic     | 1 |  1.5
Ice Magic      | 1 |  1.5
Air Magic      | 1 |  1.5
Earth Magic    | 1 |  1.5
Poison Magic   | 1 |  1.5
Evocations     | 1 |  1.9
Stealth        | 8 |  8.0
Fighting       | 5 |  5.0
Short Blades   | 5 |  5.0
Throwing       | 5 |  5.0

Action                   |  1- 3 |  4- 6 || total
-------------------------+-------+-------++-------
Melee: Dagger            |    71 |    22 ||    93
       Bite              |     4 |     4 ||     8
       Quarterstaff      |     6 |    62 ||    68
  Use: Potion            |     2 |       ||     2
       Scroll            |     1 |     4 ||     5
 Stab: Sleeping          |     3 |     5 ||     8
Armor: Robe              |    31 |    22 ||    53
Dodge: Dodged            |    38 |    44 ||    82

Table legend: (Time is in decaauts)
 A = Elapsed time spent in this place.
 B = Non-inter-level travel time spent in this place.
 C = Inter-level travel time spent in this place.
 D = Time resting spent in this place.
 E = Time spent auto-exploring this place.
 F = Levels seen in this place.
 G = Mean time per level.
                   A        B        C        D        E       F      G
               +--------+--------+--------+--------+--------+-----+--------+
         Total |   2625 |   2527 |     98 |    803 |   1218 |   3 |  875.0 |
       Dungeon |   2625 |   2527 |     98 |    803 |   1218 |   3 |  875.0 |
               +--------+--------+--------+--------+--------+-----+--------+

Top non-repeatable levels by time:
     D:2: 1246 daAuts
     D:3: 709 daAuts
     D:1: 669 daAuts
